 Dungeon Crawl Stone Soup version 0.31.0-11-ge490571c62 (webtiles) character file.

Game seed: 10780417009671716777

2 qw the Shooter (level 1, 0/10 HPs)
             Began as a Spriggan Hunter on Feb 4, 2024.
             Constricted to death by a ball python (1 damage)
             ... on level 1 of the Dungeon.
             The game lasted 00:00:00 (66 turns).

qw the Shooter (Spriggan Hunter)                      Turns: 66, Time: 00:00:00

Health: 0/10       AC:  2    Str:  7    XL:     1   Next: 33%
Magic:  2/2        EV: 15    Int: 10    God:
Gold:   12         SH:  0    Dex: 18    Spells: 0/0 levels left

rFire   . . .        a - +0 shortbow
rCold   . . .        (shield currently unavailable)
rNeg    . . .        c - +0 robe
rPois   .            (helmet restricted)
rElec   .            (no cloak)
rCorr   .            (gloves unavailable)
SInv    +            (boots unavailable)
Will    .....        (no amulet)
Stlth   ++           (no ring)
HPRegen 0.21/turn    (no ring)
MPRegen 0.08/turn

%: no passive effects
@: constricted, very quick
A: very small, no large weapons, unfitting armour, see invisible, speed 3
a: no special abilities


You were on level 1 of the Dungeon.
You visited 1 branch of the dungeon, and saw 1 of its levels.

You collected 12 gold pieces.


Innate Abilities, Weirdness & Mutations

You are very small and have problems with some larger weapons.
You are too small for most types of armour.
You have supernaturally acute eyesight. (SInv)
You cover ground extremely quickly. (Speed+++)


   Skills:
 - Level 1.5 Fighting
 - Level 4.0 Ranged Weapons
 + Level 3.1 Dodging
 - Level 1.5 Stealth


You couldn't memorise any spells.
You didn't know any spells.
Your spell library was empty.

Inventory:

Hand Weapons
 a - a +0 shortbow (weapon)
Armour
 c - a +0 robe (worn)
Jewellery
 d - a +4 ring of protection
Scrolls
 b - a scroll of butterflies
 e - a scroll of teleportation {unknown}

Dungeon Overview and Level Annotations

Branches:
Dungeon (1/15)

Altars:


Message History

A ball python comes into view.
You shoot an arrow. The arrow closely misses the hobgoblin.
A kobold comes into view. It is wielding a +0 short sword.
You shoot an arrow. The arrow closely misses the hobgoblin.
The kobold shouts!
The hobgoblin closely misses you.
You shoot an arrow.
The arrow hits the hobgoblin but does no damage.
The hobgoblin barely misses you.
You shoot an arrow. The arrow barely misses the hobgoblin.
The kobold throws a stone.
The stone closely misses you. The hobgoblin hits you.
You shoot an arrow.
The arrow closely misses the ball python.
The hobgoblin closely misses you. The ball python misses you.
The ball python closely misses you.
You shoot an arrow.
The arrow barely misses the ball python.
The ball python barely misses you. The ball python misses you.
The hobgoblin barely misses you. The ball python misses you.
The ball python closely misses you. The hobgoblin hits you.
You shoot an arrow.
The arrow barely misses the ball python.
The arrow hits the kobold!
You kill the kobold!
The ball python bites you. The ball python barely misses you.
The hobgoblin misses you.
You shoot an arrow.
The arrow completely misses the ball python.
The ball python bites you. The ball python closely misses you.
The hobgoblin closely misses you. The ball python bites you.
The ball python misses you.
You shoot an arrow. The arrow hits the ball python.
The ball python is moderately wounded.
The hobgoblin closely misses you. The ball python bites you.
The ball python closely misses you.
You shoot an arrow.
The arrow closely misses the ball python.
The ball python misses you. The ball python grabs you.
The ball python constricts you.
You die...

#.####..........
#.#........#.#
#.#.##..#....#
#.#.##..#....#
........#....# ###
.#####%.####.##.. .
#........#.# ...
#........#.#..##.
#........@S).....
#........#g......
...(....)..#.#..#..
#.##.......#.. ....
# #.......#.#. ...
#########.#.. #. ..
.. ## ...


You could see a hobgoblin and a ball python.

Vanquished Creatures
  A ball python (D:1)
  A frilled lizard (D:1)
  2 kobolds (D:1)
4 creatures vanquished.

Notes
Turn   | Place    | Note
-------+----------+-------------------------------------------
     0 | D:1      | qw the Spriggan Hunter began the quest for the Orb.
     0 | D:1      | Reached XP level 1. HP: 10/10 MP: 2/2
     0 | D:1      | 0 ||| qw: Version: 0.3-a-160-g6735b56
     0 | D:1      | 0 ||| qw: Game counter: 4892
     0 | D:1      | 0 ||| qw: Melee chars always use a shield: true
     0 | D:1      | 0 ||| qw: God list: Okawaru
     0 | D:1      | 0 ||| qw: Allow faded altars: false
     0 | D:1      | 0 ||| qw: Do Orc after clearing Dungeon:15 true
     0 | D:1      | 0 ||| qw: Do second Lair branch before Depths: true
     0 | D:1      | 0 ||| qw: Lair rune preference: random
     0 | D:1      | 0 ||| qw: Goals: Normal
     0 | D:1      | 0 ||| PLANNING D:1-11
    47 | D:1      | Reached skill level 3 in Dodging
    64 | D:1      | HP: 2/10 [ball python (2)]
    66 | D:1      | Constricted to death by a ball python

Levels and vault maps discovered:
D:1:      lightli_arrival_flooded_house, layout_loops_cross,
          minmay_splitting_lines

Skill      XL: |  1 |
---------------+----+-----
Dodging        | 3 |  3.1
Fighting       | |  1.5
Ranged Weapons | |  4.0
Stealth        | |  1.5

Action                     || total
---------------------------++-------
   Fire: Shortbow          ||    14
 Armour: Robe              ||     6
  Dodge: Dodged            ||    19

Table legend:
 A = Non-vault XP
 B = Vault XP
 C = Vault XP percentage of total XP
 D = Non-vault monster count
 E = Vault monster count
 F = Vault count percentage of total count
                 A         B        C        D         E       F
            +---------+---------+-------+---------+---------+-------
      Total |       4 |       0 |   0.0 |       4 |       0 |   0.0
            +---------+---------+-------+---------+---------+-------
        D:1 |       4 |       0 |   0.0 |       4 |       0 |   0.0
            +---------+---------+-------+---------+---------+-------
